| TOP OF THE 1ST |
|
Hartford Yard Goats batting - Pitching for Hagerstown Suns : RHP Ivano Galikov
|
|
Pitching: RHP Ivano Galikov
|
|
|
Batting: LHB Steve Gilliam
|
0-0: Foul Ball, location: 2F 0-1: Foul Ball, location: 2F 0-2: Ball 1-2: SOLO HOME RUN (Flyball, 8LXD, EV 115.6 MPH), Distance : 448 ft
|
|
Batting: LHB Chris Salim
|
0-0: Called Strike 0-1: Called Strike 0-2: Ball 1-2: Ball 2-2: Strikes out looking
|
|
Batting: RHB Ernest Olkowicz
|
0-0: Swinging Strike 0-1: Ball 1-1: Foul Ball, location: 2F 1-2: Ball 2-2: Strikes out looking
|
|
Batting: LHB Zack Guillen
|
0-0: Foul Ball, location: 2F 0-1: Fly out, F8 (Flyball, 8RM, EV 91.9 MPH)
|
| Top of the 1st over - 1 run, 1 hit, 0 errors, 0 left on base; Hartford 1 - Hagerstown 0 |
| BOTTOM OF THE 1ST |
|
Hagerstown Suns batting - Pitching for Hartford Yard Goats : RHP Jeremy Richards
|
|
Pitching: RHP Jeremy Richards
|
|
|
Batting: SHB Dan Castaneda
|
0-0: Called Strike 0-1: Called Strike 0-2: Ball 1-2: Ground out 4-3 (Groundball, 34, EV 104.4 MPH)
|
|
Batting: RHB John Savard
|
0-0: Called Strike 0-1: Swinging Strike 0-2: Ball 1-2: Reached on error, E6 (Groundball, 6, EV 92.5 MPH)
|
|
Batting: LHB Kyung-jin Cho
|
0-0: SINGLE (Groundball, 4MD, EV 95.6 MPH) John Savard to second
|
|
Batting: LHB Erik Beezley
|
0-0: Foul Ball, location: 2F 0-1: Ball 1-1: Swinging Strike 1-2: Strikes out swinging
|
|
Batting: LHB Evan Oliveri
|
0-0: Ball 1-0: Called Strike 1-1: Ball 2-1: Swinging Strike 2-2: Fly out, F6 (Popup, 6, EV 65.6 MPH)
|
| Bottom of the 1st over - 0 runs, 1 hit, 1 error, 2 left on base; Hartford 1 - Hagerstown 0 |
| TOP OF THE 2ND |
|
Hartford Yard Goats batting - Pitching for Hagerstown Suns : RHP Ivano Galikov
|
|
Batting: RHB Ryan Rinaldi
|
0-0: Ground out 6-3 (Groundball, 6, EV 107.5 MPH)
|
|
Batting: SHB Morgan Batson
|
0-0: Called Strike 0-1: Ball 1-1: Ground out 5-3 (Groundball, 25, EV 80.6 MPH)
|
|
Batting: RHB Andy Solorzano
|
0-0: Called Strike 0-1: Ball 1-1: Swinging Strike 1-2: Foul Ball, location: 2F 1-2: Strikes out swinging
|
| Top of the 2nd over - 0 runs, 0 hits, 0 errors, 0 left on base; Hartford 1 - Hagerstown 0 |
| BOTTOM OF THE 2ND |
|
Hagerstown Suns batting - Pitching for Hartford Yard Goats : RHP Jeremy Richards
|
|
Batting: RHB Steve Bauman
|
0-0: Called Strike 0-1: Ball 1-1: Called Strike 1-2: Strikes out swinging
|
|
Batting: RHB Antonio Morado
|
0-0: Ball 1-0: Foul Ball, location: 2F 1-1: SINGLE (Line Drive, 3D, EV 95.0 MPH)
|
|
Batting: LHB Adam Jacobs
|
0-0: Ball Pickoff Play to 1st, Runner tries for 2nd, OUT after rundown. 1-0: Ball 2-0: Foul Ball, location: 2F 2-1: Swinging Strike 2-2: Ball 3-2: Strikes out swinging
|
| Bottom of the 2nd over - 0 runs, 1 hit, 0 errors, 0 left on base; Hartford 1 - Hagerstown 0 |
| TOP OF THE 3RD |
|
Hartford Yard Goats batting - Pitching for Hagerstown Suns : RHP Ivano Galikov
|
|
Batting: RHB Nick Rang
|
0-0: Fly out, F7 (Flyball, 7LSF, EV 90.6 MPH)
|
|
Batting: RHB Chris Kinder
|
0-0: Foul Ball, location: 2F 0-1: Swinging Strike 0-2: Ball 1-2: Strikes out swinging
|
|
Batting: LHB Steve Gilliam
|
0-0: Called Strike 0-1: Ball 1-1: Ball 2-1: Ball 3-1: Called Strike 3-2: Foul Ball, location: 2F 3-2: Foul Ball, location: 2F 3-2: Foul Ball, location: 2F 3-2: Base on Balls
|
|
Batting: LHB Chris Salim
|
0-0: Called Strike 0-1: Ball 1-1: Foul Ball, location: 2F 1-2: Foul Ball, location: 2F 1-2: DOUBLE (Line Drive, 8LXD, EV 100.6 MPH) Steve Gilliam to third Runner from 3rd tries for Home, SAFE, throw by CF to trailing runner, SAFE at third!
|
|
Batting: RHB Ernest Olkowicz
|
0-0: Ball 1-0: Called Strike 1-1: Swinging Strike 1-2: Foul Ball, location: 2F 1-2: Foul Ball, location: 2F 1-2: Fly out, F8 (Line Drive, 8LM, EV 90.0 MPH)
|
| Top of the 3rd over - 1 run, 1 hit, 0 errors, 1 left on base; Hartford 2 - Hagerstown 0 |
| BOTTOM OF THE 3RD |
|
Hagerstown Suns batting - Pitching for Hartford Yard Goats : RHP Jeremy Richards
|
|
Batting: RHB Marcus Dawson
|
0-0: Ball 1-0: Ground out 4-3 (Groundball, 4, EV 101.9 MPH)
|
|
Batting: SHB Dan Castaneda
|
0-0: Ball 1-0: Foul Ball, location: 2F 1-1: Called Strike 1-2: Strikes out swinging
|
|
Batting: RHB John Savard
|
0-0: Ball 1-0: Ball 2-0: Ball 3-0: DOUBLE (Line Drive, 78D, EV 86.9 MPH)
|
|
Batting: LHB Kyung-jin Cho
|
0-0: Called Strike 0-1: Fly out, F9 (Flyball, 9, EV 86.2 MPH)
|
| Bottom of the 3rd over - 0 runs, 1 hit, 0 errors, 1 left on base; Hartford 2 - Hagerstown 0 |
| TOP OF THE 4TH |
|
Hartford Yard Goats batting - Pitching for Hagerstown Suns : RHP Ivano Galikov
|
|
Batting: LHB Zack Guillen
|
0-0: Ball 1-0: Foul Ball, location: 2F 1-1: Ball 2-1: Ground out U3 (Groundball, 3, EV 98.8 MPH)
|
|
Batting: RHB Ryan Rinaldi
|
0-0: Foul Ball, location: 2F 0-1: Swinging Strike 0-2: Foul Ball, location: 2F 0-2: Strikes out swinging
|
|
Batting: SHB Morgan Batson
|
0-0: Called Strike 0-1: Ball 1-1: Called Strike 1-2: TRIPLE (Flyball, 78XD, EV 98.8 MPH)
|
|
Batting: RHB Andy Solorzano
|
0-0: Ball 1-0: Ball 2-0: Foul Ball, location: 2F 2-1: Ball 3-1: 2-RUN HOME RUN (Flyball, 7LD, EV 98.1 MPH), Distance : 346 ft
|
|
Batting: RHB Nick Rang
|
0-0: DOUBLE (Flyball, 78D, EV 97.5 MPH)
|
|
Batting: RHB Chris Kinder
|
0-0: Called Strike 0-1: Called Strike 0-2: Ground out U3 (Groundball, 3S, EV 70.0 MPH)
|
| Top of the 4th over - 2 runs, 3 hits, 0 errors, 1 left on base; Hartford 4 - Hagerstown 0 |
| BOTTOM OF THE 4TH |
|
Hagerstown Suns batting - Pitching for Hartford Yard Goats : RHP Jeremy Richards
|
|
Batting: LHB Erik Beezley
|
0-0: Called Strike 0-1: Foul Ball, location: 2F 0-2: DOUBLE (Flyball, 8RXD, EV 100.0 MPH)
|
|
Batting: LHB Evan Oliveri
|
0-0: Fly out, F8 (Flyball, 8RXD, EV 110.6 MPH) Runner from 2nd tags up, SAFE at 3rd, no throw by CF
|
|
Batting: RHB Steve Bauman
|
0-0: Called Strike 0-1: Ball 1-1: Called Strike 1-2: Foul Ball, location: 2F 1-2: Foul Ball, location: 2F 1-2: Ball 2-2: Ball 3-2: Ground out 4-3 (Groundball, 4MD, EV 98.1 MPH) Erik Beezley scores
|
|
Batting: RHB Antonio Morado
|
0-0: TRIPLE (Line Drive, 89XD, EV 106.2 MPH)
|
|
Batting: LHB Adam Jacobs
|
0-0: Ground out 4-3 (Groundball, 4, EV 102.5 MPH)
|
| Bottom of the 4th over - 1 run, 2 hits, 0 errors, 1 left on base; Hartford 4 - Hagerstown 1 |
| TOP OF THE 5TH |
|
Hartford Yard Goats batting - Pitching for Hagerstown Suns : RHP Ivano Galikov
|
|
Batting: LHB Steve Gilliam
|
0-0: Called Strike 0-1: Called Strike 0-2: Ball 1-2: Strikes out swinging
|
|
Batting: LHB Chris Salim
|
0-0: Called Strike 0-1: Ball 1-1: SINGLE (Line Drive, 56D, EV 99.4 MPH)
|
|
Batting: RHB Ernest Olkowicz
|
0-0: Ball 1-0: Called Strike 1-1: Ball 2-1: Ball 3-1: DOUBLE (Flyball, 89XD, EV 111.9 MPH) Chris Salim to third Runner from 3rd tries for Home, SAFE, throw by RF to trailing runner, SAFE at third!
|
|
Pitching: RHP Gary Simmons
|
|
|
Batting: LHB Zack Guillen
|
0-0: Ball 1-0: Ball 2-0: Called Strike 2-1: Swinging Strike 2-2: Ball 3-2: Strikes out swinging
|
|
Batting: RHB Ryan Rinaldi
|
0-0: Foul Ball, location: 2F 0-1: Foul Ball, location: 2F 0-2: Strikes out swinging
|
| Top of the 5th over - 1 run, 2 hits, 0 errors, 1 left on base; Hartford 5 - Hagerstown 1 |
| BOTTOM OF THE 5TH |
|
Hagerstown Suns batting - Pitching for Hartford Yard Goats : RHP Jeremy Richards
|
|
Pitching: LHP Steve Lima
|
|
|
Batting: RHB Marcus Dawson
|
0-0: Ball 1-0: Swinging Strike 1-1: Swinging Strike 1-2: Strikes out swinging
|
|
Batting: SHB Dan Castaneda
|
0-0: Called Strike 0-1: Called Strike 0-2: Strikes out swinging
|
|
Batting: RHB John Savard
|
0-0: Ball 1-0: Called Strike 1-1: Foul Ball, location: 2F 1-2: Ground out 6-3 (Groundball, 6M, EV 84.4 MPH)
|
| Bottom of the 5th over - 0 runs, 0 hits, 0 errors, 0 left on base; Hartford 5 - Hagerstown 1 |
| TOP OF THE 6TH |
|
Hartford Yard Goats batting - Pitching for Hagerstown Suns : RHP Gary Simmons
|
|
Batting: SHB Morgan Batson
|
0-0: Ball 1-0: SINGLE (Groundball, 34D, EV 98.8 MPH)
|
|
Batting: RHB Andy Solorzano
|
0-0: Ball 1-0: Ball 2-0: Foul Ball, location: 2F 2-1: Ball 3-1: Called Strike 3-2: Base on Balls Morgan Batson to second
|
|
Batting: RHB Nick Rang
|
0-0: Foul Ball, location: 2F 0-1: Swinging Strike 0-2: Ball 1-2: Fielders Choice at 2nd, 6-4 (Groundball, 6S, EV 86.2 MPH) Morgan Batson to third
|
|
Batting: RHB Chris Kinder
|
0-0: Ball 1-0: Ball 2-0: SINGLE (Groundball, 34D, EV 98.1 MPH) Morgan Batson scores Nick Rang to second Runner from 2nd tries for 3rd, SAFE, throw by RF made to third
|
|
Pinch Runner at 3rd Justin Pellman:
|
|
|
Batting: LHB Steve Gilliam
|
0-0: Ball 1-0: Swinging Strike 1-1: Ball 2-1: Foul Ball, location: 2F 2-2: Strikes out swinging
|
|
Batting: LHB Chris Salim
|
0-0: Called Strike 0-1: Ball 1-1: Ball 2-1: Foul Ball, location: 2F 2-2: Ball 3-2: Foul Ball, location: 2F 3-2: Ground out 4-3 (Groundball, 4, EV 85.6 MPH)
|
| Top of the 6th over - 1 run, 2 hits, 0 errors, 2 left on base; Hartford 6 - Hagerstown 1 |
| BOTTOM OF THE 6TH |
|
Hagerstown Suns batting - Pitching for Hartford Yard Goats : LHP Steve Lima
|
|
Now at 2B: Mike Clark
|
|
|
Batting: LHB Kyung-jin Cho
|
0-0: Ball 1-0: Ball 2-0: Called Strike 2-1: Foul Ball, location: 2F 2-2: Foul Ball, location: 2F 2-2: Ball 3-2: Base on Balls
|
|
Batting: LHB Erik Beezley
|
0-0: Ball 1-0: Foul Ball, location: 2F 1-1: Foul Ball, location: 2F 1-2: SINGLE (Groundball, 4MD, EV 108.1 MPH) Kyung-jin Cho to second Runner from 2nd tries for 3rd, SAFE, throw by CF made to third
|
|
Batting: LHB Evan Oliveri
|
0-0: Ball 1-0: Fielders Choice at 2nd, 1-4 (Groundball, 15S, EV 70.6 MPH)
|
|
Batting: RHB Steve Bauman
|
0-0: Grounds into double play, 4-6-3 (Groundball, 4, EV 78.1 MPH)
|
| Bottom of the 6th over - 0 runs, 1 hit, 0 errors, 1 left on base; Hartford 6 - Hagerstown 1 |
| TOP OF THE 7TH |
|
Hartford Yard Goats batting - Pitching for Hagerstown Suns : RHP Gary Simmons
|
|
Batting: RHB Ernest Olkowicz
|
0-0: Called Strike 0-1: Ball 1-1: Called Strike 1-2: Strikes out swinging
|
|
Batting: LHB Zack Guillen
|
0-0: Foul Ball, location: 2F 0-1: Ball 1-1: Ball 2-1: Ball 3-1: Foul Ball, location: 2F 3-2: Base on Balls
|
|
Pitching: LHP Gregg Huddleston
|
|
|
Batting: RHB Ryan Rinaldi
|
0-0: Called Strike 0-1: Ball 1-1: Ball 2-1: Fielders Choice at 2nd, 6-4 (Groundball, 56D, EV 83.1 MPH)
|
|
Batting: SHB Morgan Batson
|
0-0: Ball 1-0: Ground out 5-3 (Groundball, 56, EV 95.6 MPH)
|
| Top of the 7th over - 0 runs, 0 hits, 0 errors, 1 left on base; Hartford 6 - Hagerstown 1 |
| BOTTOM OF THE 7TH |
|
Hagerstown Suns batting - Pitching for Hartford Yard Goats : LHP Steve Lima
|
|
Batting: RHB Antonio Morado
|
0-0: Ball 1-0: Called Strike 1-1: Ball 2-1: Foul Ball, location: 2F 2-2: Ball 3-2: SINGLE (Groundball, 6D, EV 105.0 MPH)
|
|
Pitching: LHP Ryan Morlan
|
|
|
Batting: LHB Adam Jacobs
|
0-0: Called Strike 0-1: Ball 1-1: Swinging Strike 1-2: Ball 2-2: Strikes out swinging
|
|
Batting: RHB Marcus Dawson
|
0-0: Ball 1-0: Ball Antonio Morado steals 2nd base 2-0: Ball 3-0: Base on Balls
|
|
Batting: SHB Dan Castaneda
|
0-0: Ball 1-0: Swinging Strike 1-1: Called Strike 1-2: Foul Ball, location: 2F 1-2: SINGLE (Groundball, 34D, EV 100.0 MPH) Antonio Morado to third Marcus Dawson to second Runner from 3rd tries for Home, SAFE, throw by RF to home
|
|
Batting: RHB John Savard
|
0-0: Called Strike 0-1: Fly out, F7 (Flyball, 7, EV 83.1 MPH)
|
|
Batting: LHB Kyung-jin Cho
|
0-0: Called Strike 0-1: SINGLE (Line Drive, 34D, EV 95.6 MPH) Marcus Dawson to third Dan Castaneda to second Runner from 3rd tries for Home, SAFE, throw by RF to home
|
|
Pitching: LHP Ruben Nunez
|
|
|
Pinch Hitting: RHB Nick Moreno
|
0-0: Ball 1-0: SINGLE (Line Drive, 89M, EV 100.6 MPH) Dan Castaneda to third Kyung-jin Cho to second Runner from 3rd tries for Home, SAFE, throw by RF to home
|
|
Batting: LHB Evan Oliveri
|
0-0: Foul Ball, location: 2F 0-1: Ground out 6-3 (Groundball, 6S, EV 81.2 MPH)
|
| Bottom of the 7th over - 3 runs, 4 hits, 0 errors, 2 left on base; Hartford 6 - Hagerstown 4 |
| TOP OF THE 8TH |
|
Hartford Yard Goats batting - Pitching for Hagerstown Suns : LHP Gregg Huddleston
|
|
Now in RF: Nick Moreno
|
|
|
Batting: RHB Andy Solorzano
|
0-0: DOUBLE (Flyball, 8LXD, EV 92.5 MPH)
|
|
Batting: LHB Mike Clark
|
0-0: Called Strike 0-1: Called Strike 0-2: Ball 1-2: Ball 2-2: Ground out U3 (Groundball, 3L, EV 84.4 MPH) Andy Solorzano to third
|
|
Batting: RHB Chris Kinder
|
0-0: Ball 1-0: Ground out 5-3 (Groundball, 5S, EV 86.2 MPH)
|
|
Batting: LHB Steve Gilliam
|
0-0: Swinging Strike 0-1: Foul Ball, location: 2F 0-2: Ball 1-2: Strikes out swinging
|
| Top of the 8th over - 0 runs, 1 hit, 0 errors, 1 left on base; Hartford 6 - Hagerstown 4 |
| BOTTOM OF THE 8TH |
|
Hagerstown Suns batting - Pitching for Hartford Yard Goats : LHP Ruben Nunez
|
|
Batting: RHB Steve Bauman
|
0-0: Ball 1-0: Called Strike 1-1: SINGLE (Line Drive, 8LS, EV 93.8 MPH)
|
|
Batting: RHB Antonio Morado
|
0-0: Ball 1-0: Ball 2-0: Called Strike 2-1: Foul Ball, location: 2F 2-2: 2-RUN HOME RUN (Flyball, 7D, EV 103.8 MPH), Distance : 377 ft
|
|
Pinch Hitting: SHB Gabe Fraunfelder
|
0-0: Ball 1-0: Called Strike 1-1: Ball 2-1: Ball 3-1: Swinging Strike 3-2: Foul Ball, location: 2F 3-2: Foul Ball, location: 2F 3-2: Foul Ball, location: 2F 3-2: Base on Balls
|
|
Batting: RHB Marcus Dawson
|
0-0: Sac Bunt to 3S - play at first, batter OUT! 3-4 Gabe Fraunfelder to second
|
|
Batting: SHB Dan Castaneda
|
0-0: Ball 1-0: Foul Ball, location: 2F 1-1: Ball 2-1: Ball 3-1: Base on Balls
|
|
Batting: RHB John Savard
|
0-0: Called Strike 0-1: Called Strike 0-2: Strikes out looking
|
|
Batting: LHB Kyung-jin Cho
|
0-0: Swinging Strike 0-1: Ball 1-1: Foul Ball, location: 2F 1-2: Foul Ball, location: 2F 1-2: Ball 2-2: Fly out, F7 (Flyball, 78S, EV 88.8 MPH)
|
| Bottom of the 8th over - 2 runs, 2 hits, 0 errors, 2 left on base; Hartford 6 - Hagerstown 6 |
| TOP OF THE 9TH |
|
Hartford Yard Goats batting - Pitching for Hagerstown Suns : LHP Gregg Huddleston
|
|
Pitching: RHP Gareth Cutts
|
|
|
Now in CF: Nick Moreno
|
|
|
Now in RF: Gabe Fraunfelder
|
|
|
Batting: LHB Chris Salim
|
0-0: Called Strike 0-1: Foul Ball, location: 2F 0-2: Strikes out swinging
|
|
Batting: RHB Ernest Olkowicz
|
0-0: Swinging Strike 0-1: Called Strike 0-2: Strikes out swinging
|
|
Batting: LHB Zack Guillen
|
0-0: Ball 1-0: Ball 2-0: Called Strike 2-1: Ground out 4-3 (Groundball, 4, EV 81.9 MPH)
|
| Top of the 9th over - 0 runs, 0 hits, 0 errors, 0 left on base; Hartford 6 - Hagerstown 6 |
| BOTTOM OF THE 9TH |
|
Hagerstown Suns batting - Pitching for Hartford Yard Goats : LHP Ruben Nunez
|
|
Pitching: RHP Jim Butler
|
|
|
Batting: RHB Nick Moreno
|
0-0: Ball 1-0: Swinging Strike 1-1: Ball 2-1: Foul Ball, location: 2F 2-2: Foul Ball, location: 2F 2-2: Foul Ball, location: 2F 2-2: SINGLE (Groundball, 56D, EV 95.6 MPH)
|
|
Batting: LHB Evan Oliveri
|
0-0: Ball Nick Moreno steals 2nd base 1-0: Ball 2-0: Ball 3-0: Called Strike 3-1: Called Strike 3-2: Foul Ball, location: 2F 3-2: Base on Balls
|
|
Batting: RHB Steve Bauman
|
0-0: Ball 1-0: Bunt missed! 1-1: Bunted foul 1-2: Fly out, F9 (Flyball, 9S, EV 90.0 MPH)
|
|
Batting: RHB Antonio Morado
|
0-0: Foul Ball, location: 2F 0-1: Fielders Choice at 2nd, 4-6 (Groundball, 4, EV 92.5 MPH) Nick Moreno to third
|
|
Batting: SHB Gabe Fraunfelder
|
0-0: Called Strike 0-1: Ball 1-1: Ball 2-1: Swinging Strike 2-2: Ball 3-2: Ground out 4-3 (Groundball, 34, EV 91.2 MPH)
|
| Bottom of the 9th over - 0 runs, 1 hit, 0 errors, 2 left on base; Hartford 6 - Hagerstown 6 |
| TOP OF THE 10TH |
|
Hartford Yard Goats batting - Pitching for Hagerstown Suns : RHP Gareth Cutts
|
|
Batting: RHB Ryan Rinaldi
|
0-0: Foul Ball, location: 2F 0-1: Ball 1-1: Foul Ball, location: 2F 1-2: Fly out, F8 (Flyball, 8LD, EV 101.9 MPH)
|
|
Batting: SHB Morgan Batson
|
0-0: Foul Ball, location: 2F 0-1: Foul Ball, location: 2F 0-2: Ball 1-2: Ball 2-2: Foul Ball, location: 2F 2-2: Foul Ball, location: 2F 2-2: Ball 3-2: Foul Ball, location: 2F 3-2: Base on Balls
|
|
Batting: RHB Andy Solorzano
|
0-0: Foul Ball, location: 2F 0-1: Foul Ball, location: 2F 0-2: Ball 1-2: Ball 2-2: Foul Ball, location: 2F 2-2: Fielders Choice at 2nd, 3-6 (Groundball, 34, EV 91.9 MPH)
|
|
Batting: LHB Mike Clark
|
0-0: Called Strike 0-1: Foul Ball, location: 2F 0-2: Ball 1-2: Foul Ball, location: 2F 1-2: Strikes out swinging
|
| Top of the 10th over - 0 runs, 0 hits, 0 errors, 1 left on base; Hartford 6 - Hagerstown 6 |
| BOTTOM OF THE 10TH |
|
Hagerstown Suns batting - Pitching for Hartford Yard Goats : RHP Jim Butler
|
|
Pitching: RHP Alberto Cordovi
|
|
|
Batting: RHB Marcus Dawson
|
0-0: Called Strike 0-1: Ball 1-1: Swinging Strike 1-2: Ball 2-2: Ball 3-2: Foul Ball, location: 2F 3-2: Foul Ball, location: 2F 3-2: Base on Balls
|
|
Batting: SHB Dan Castaneda
|
0-0: Called Strike Marcus Dawson is caught stealing 2nd base 2-6 0-1: Ball 1-1: Ball 2-1: Called Strike 2-2: Ball 3-2: Strikes out swinging
|
|
Batting: RHB John Savard
|
0-0: Ball 1-0: Foul Ball, location: 2F 1-1: Ball 2-1: Ball 3-1: Fly out, F9 (Flyball, 9, EV 73.1 MPH)
|
| Bottom of the 10th over - 0 runs, 0 hits, 0 errors, 0 left on base; Hartford 6 - Hagerstown 6 |
| TOP OF THE 11TH |
|
Hartford Yard Goats batting - Pitching for Hagerstown Suns : RHP Gareth Cutts
|
|
Pinch Hitting: SHB Pete Perla
|
0-0: Hit by Pitch
|
|
Batting: LHB Steve Gilliam
|
0-0: Foul Ball, location: 2F 0-1: Called Strike Pete Perla steals 2nd base 0-2: Ball 1-2: TRIPLE (Line Drive, 8RXD, EV 108.1 MPH) Pete Perla scores
|
|
Batting: LHB Chris Salim
|
0-0: Intentional Walk
|
|
Batting: RHB Ernest Olkowicz
|
0-0: Ball 1-0: Ball 2-0: DOUBLE (Flyball, 8RXD, EV 106.9 MPH) Steve Gilliam scores Chris Salim to third
|
|
Batting: LHB Zack Guillen
|
0-0: Intentional Walk
|
|
Batting: RHB Ryan Rinaldi
|
0-0: Ball 1-0: Foul Ball, location: 2F 1-1: Called Strike 1-2: Ball 2-2: Strikes out swinging
|
|
Pitching: RHP Chris Doty
|
|
|
Batting: SHB Morgan Batson
|
0-0: Called Strike 0-1: Ball 1-1: Fly out, F8 (Flyball, 78M, EV 75.0 MPH)
|
|
Batting: RHB Andy Solorzano
|
0-0: Foul Ball, location: 2F 0-1: Foul Ball, location: 2F 0-2: Strikes out swinging
|
| Top of the 11th over - 2 runs, 2 hits, 0 errors, 3 left on base; Hartford 8 - Hagerstown 6 |
| BOTTOM OF THE 11TH |
|
Hagerstown Suns batting - Pitching for Hartford Yard Goats : RHP Alberto Cordovi
|
|
Now at C: Yamashita Yagi
|
|
|
Batting: LHB Kyung-jin Cho
|
0-0: Called Strike 0-1: Ball 1-1: Ball 2-1: Foul Ball, location: 2F 2-2: Foul Ball, location: 2F 2-2: Ball 3-2: Strikes out looking
|
|
Batting: RHB Nick Moreno
|
0-0: Ball 1-0: Foul Ball, location: 2F 1-1: Called Strike 1-2: Foul Ball, location: 2F 1-2: Ground out 6-3 (Groundball, 6, EV 81.2 MPH)
|
|
Batting: LHB Evan Oliveri
|
0-0: Ball 1-0: Ball 2-0: SINGLE (Line Drive, 9S, EV 95.0 MPH)
|
|
Batting: RHB Steve Bauman
|
0-0: Called Strike 0-1: Called Strike 0-2: Fly out, F7 (Flyball, 7S, EV 92.5 MPH)
|
| Bottom of the 11th over - 0 runs, 1 hit, 0 errors, 1 left on base; Hartford 8 - Hagerstown 6 |
|